 Dungeon Crawl Stone Soup version 0.23.2-1-ga50397a (webtiles) character file.

Game seed: 17003197666768554924

117 diana the Skirmisher (level 5, 0/46 HPs)
             Began as a Ghoul Monk on Apr 29, 2019.
             Slain by a jackal (2 damage)
             ... on level 3 of the Dungeon.
             The game lasted 00:03:55 (2314 turns).

diana the Skirmisher (Ghoul Monk)                   Turns: 2314, Time: 00:03:56

Health: 0/46       AC:  4    Str: 13 (16) XL:     5   Next: 1%
Magic:  4/4        EV: 12    Int:  2 (5)  God:
Gold:   110        SH:  0    Dex:  9 (11) Spells: 4/4 levels left

rFire    . . .     SeeInvis .     - Unarmed
rCold    + . .     Gourm    .   (no shield)
rNeg     + + +     Faith    .   h - +0 leather armour
rPois    ∞         Spirit   .   (no helmet)
rElec    .         Reflect  .   (no cloak)
rCorr    .         Harm     .   (no gloves)
MR       .....                  i - +0 pair of boots
Stlth    +.........             (no amulet)
HPRegen  0.00/turn              (no ring)
MPRegen  0.09/turn              (no ring)

@: rotting
A: rotting body, claws 1, carnivore, cold resistance 1, negative energy
resistance 3, inhibited regeneration, torment resistance, unbreathing
a: no special abilities


You were on level 3 of the Dungeon.
You were not hungry.

You visited 1 branch of the dungeon, and saw 3 of its levels.

You collected 110 gold pieces.

Inventory:

Armour
 a - a +0 robe
 h - a +0 leather armour (worn)
 i - a +0 pair of boots (worn)
Jewellery
 c - an uncursed amulet of guardian spirit {unknown}
Scrolls
 d - a scroll of noise {unknown}
 e - a scroll of identify {unknown}
 f - a scroll of amnesia {unknown}
 g - a scroll of blinking {unknown}
 k - a scroll of remove curse {unknown}
Comestibles
 b - 3 rations


   Skills:
 + Level 4.2 Fighting
 + Level 1.7 Armour
 + Level 3.4 Dodging
 - Level 2.1 Stealth
 + Level 4.1 Unarmed Combat


You had 4 spell levels left.
You didn't know any spells.
Your spell library was empty.

Dungeon Overview and Level Annotations

Branches:
Dungeon (3/15)

Altars:
Trog
The Shining One


Innate Abilities, Weirdness & Mutations

Your body is rotting away.
You thrive on raw meat.
You are immune to poison.
You have sharp fingernails.
You are carnivorous and can eat meat at any time.
Your flesh is cold resistant. (rC+)
You are immune to negative energy. (rN+++)
You do not regenerate when monsters are visible.
You are immune to unholy pain and torment.
You can survive without breathing.


Message History

The orc hits you but does no damage.
You closely miss the orc.
The orc is heavily wounded.
The orc hits you but does no damage.
You scratch the orc.
The orc is severely wounded.
The orc hits you with a +0 whip.
* * * LOW HITPOINT WARNING * * *
Unknown command.
A jackal comes into view.
The jackal barks!
You hear a bark!
The jackal bites you but does no damage.
A leopard gecko comes into view.
The jackal bites you but does no damage.
A jackal comes into view.
The jackal barks!
The leopard gecko hisses angrily.
You scratch the jackal.
The jackal is almost dead.
The jackal bites you.
You die...

########.##.......
#......#.##.......
#.................
####......#.##......
...............#.#+#
#####l..............#..
...#.......h....)...#.
.#.##########.#........###.###.#.
...#.........o.o@h.....# #.# #.#.
...#.####.......#.#.##.# #.# #.##
...#.##.........#.#.##.# #.# ..##
...#.#####......#.#.##.# #.# ..##
...#.# #......#!#.##.. #.. <...
..)#.# #.##.#.#.#.#### ##......
.!)..# #......#.#.####.##. .##
###### ####.###.......... #
#.###.######.## ##


You could see 2 orcs, a leopard gecko and 2 jackals.

Vanquished Creatures
  An orc wizard (D:3)
  3 adders
  An ooze (D:1)
  A worm (D:2)
  A leopard gecko (D:1)
  4 orcs
  6 bats
  A giant cockroach (D:2)
  4 hobgoblins
  9 jackals
  2 quokkas (D:2)
  2 ball pythons
  6 frilled lizards
  6 goblins
  3 kobolds (D:1)
  4 rats (D:1)
54 creatures vanquished.

Notes
Turn   | Place    | Note
-------+----------+-------------------------------------------
     0 | D:1      | diana the Ghoul Monk began the quest for the Orb.
     0 | D:1      | Reached XP level 1. HP: 19/19 MP: 0/0
   315 | D:1      | Reached XP level 2. HP: 26/26 MP: 1/1
   601 | D:1      | Reached XP level 3. HP: 32/32 MP: 2/2
  1022 | D:1      | Reached skill level 1 in Armour
  1523 | D:2      | Found a bloodstained altar of Trog.
  1652 | D:2      | Reached XP level 4. HP: 40/40 MP: 3/3
  1866 | D:2      | Found a glowing golden altar of the Shining One.
  2290 | D:3      | Reached XP level 5. HP: 6/46 MP: 4/4
  2298 | D:3      | HP: 2/46 [orc/+0 whip (4)]
  2314 | D:3      | Slain by a jackal

Skill      XL: |  1  2  3  4 |
---------------+-------------+-----
Dodging        | 3 |  3.4
Armour         | 1 |  1.7
Fighting       | 4 |  4.2
Unarmed Combat | 4 |  4.1
Stealth        | |  2.1

Action                   |  1- 3 |  4- 6 || total
-------------------------+-------+-------++-------
Melee: Unarmed           |   102 |    63 ||   165
       Punch             |     2 |       ||     2
  Use: Potion            |     1 |     1 ||     2
 Stab: Sleeping          |     1 |     1 ||     2
  Eat: Chunk             |     6 |     5 ||    11
Armor: Robe              |    14 |       ||    14
       Leather armour    |    12 |    16 ||    28
Dodge: Dodged            |    78 |    27 ||   105
